[Event "Late-Titled-Tuesday-Blitz-May-28-2024"]
[Site "Chess.com"]
[Date "2024.05.28"]
[Round "2"]
[White "northridgehawk"]
[Black "zajka-molotok"]
[Result "0-1"]
[WhiteElo "2349"]
[BlackElo "2544"]
[TimeControl "180+1"]
[EndTime "14:19:23 PDT"]
[Termination "zajka-molotok won by checkmate"]

1. e4 c5 2. Nf3 Nc6 3. d4 cxd4 4. c3 dxc3 5. Nxc3 d6 6. Bc4 e6 7. O-O Nf6 8. Qe2 Be7 9. Rd1 Qc7 10. Nb5 Qb8 11. e5 dxe5 12. Nxe5 Nxe5 13. Bf4 Nfd7 14.
Rxd7 Bxd7 15. Bxe5 Qd8 16. Nc7+ Kf8 17. Nxa8 Qxa8 18. Rd1 Bc6 19. Qg4 Bf6 20. Bxf6 gxf6 21. Qf4 Kg7 22. Rd3 Rd8 23. Rg3+ Kf8 24. h4 Rd1+ 25. Kh2 Ke7 26. Rg7 Qd8 27. Qg4 Qd6+ 28.
f4 Rd2 29. Be2 h5 30. Qxh5 Qxf4+ 31. Kh1 Be8 32. Qc5+ Kd8 33. Rg4 Qc7 34. Rd4+ Rxd4 35. Qxd4+ Ke7 36. h5 Qc1+ 37. Kh2 Bc6 38. Qc3 Qf4+ 39.
Qg3 Qd2 40. Qc7+ Kf8 41. Bf1 Qg5 42. Qd8+ Kg7 43. Qd1 Qf4+ 44. Kg1 Qe3+ 45. Kh1 Be4 46. Qg4+ Kh6 47. Qh4 Kg7 48. Qh2 Bd5 49. Qh4 Qc1 50.
Kg1 Qe3+ 51. Kh1 a6 52. b4 b5 53. a4 bxa4 54. Bxa6 a3 55. h6+ Qxh6 56. Qxh6+ Kxh6 57. b5 a2 58. b6 a1=Q+ 59. Kh2 Qxa6 60. b7 Qxb7 61. Kh3 Bxg2+ 62. Kh4 Bc6 63. Kg3 Qb3+ 64. Kf4 Qc4+ 65. Ke3 Qd5 66. Kf2 Qf3+ 67. Ke1 Qg2 68. Kd1 f5 69. Kc1 f4 70. Kb1 f3 71. Kc1 f2 72. Kd1 f1=Q# 0-1

[Event "Late-Titled-Tuesday-Blitz-May-28-2024"]
[Site "Chess.com"]
[Date "2024.05.28"]
[Round "2"]
[White "KirAk47"]
[Black "Mikhail_Bryakin"]
[Result "1/2-1/2"]
[WhiteElo "2559"]
[BlackElo "2847"]
[TimeControl "180+1"]
[EndTime "14:19:25 PDT"]
[Termination "Game drawn - insufficient material"]

1. e4 c5 2. Nf3 Nc6 3. Bb5 Nf6 4. e5 Nd5 5. Nc3 Nc7 6. Bxc6 dxc6 7. h3 g6 8. d3 Bg7 9. Be3 Ne6 10. Qd2 O-O 11. Bh6 Nd4 12. Nxd4 Qxd4 13. Bxg7 Kxg7 14.
f4 c4 15. dxc4 Qxc4 16. O-O-O Be6 17. Qd4 Qxd4 18. Rxd4 Rfd8 19. Rhd1 Rxd4 20. Rxd4 f6 21. exf6+ exf6 22. Kd2 Kf7 23. g4 b6 24. Ke3 c5 25.
Rd2 Ke7 26. a3 a6 27. Ne4 h6 28. g5 hxg5 29. fxg5 fxg5 30. Nxg5 Bf5 31. Kf4 Rh8 32. Kg3 b5 33. h4 a5 34. Rd5 Rc8 35. c3 b4 36. axb4 axb4 37. Kf4 Bb1 38. Ke5 Rh8 39.
Rxc5 Rxh4 40. Rc7+ Ke8 41. c4 Rg4 42. Kf6 Rf4+ 43. Ke6 Bf5+ 44. Ke5 Rf2 45. c5 Rxb2 46. Nh7 Kd8 47. Rb7 Kc8 48. c6 Re2+ 49. Kd6 Rd2+ 50. Ke5 Re2+ 51. Kd5 Be4+ 52. Kd6 Rd2+ 53. Ke5 Bxc6 54.
Rxb4 Rg2 55. Nf6 Kd8 56. Rg4 Re2+ 57. Kd6 Bf3 58. Rxg6 Rd2+ 59. Ke5 Ke7 60. Rg7+ Kf8 61. Rd7 Ra2 62. Ke6 Ra6+ 63. Kf5 Be2 64. Rc7 Bd3+ 65. Ke5 Ra5+ 66. Ke6 Ra6+ 67. Ke5 Bb1 68. Nd5 Ra5 69.
Kd6 Ba2 70. Nf6 Ra6+ 71. Ke5 Ra5+ 72. Kd6 Rf5 73. Nd7+ Kg8 74. Ne5 Rf1 75. Rc8+ Kg7 76.
Rc2 Bb1 77. Rg2+ Kf6 78. Rf2+ Rxf2 79. Ng4+ Kg5 80. Nxf2 1/2-1/2

[Event "Late-Titled-Tuesday-Blitz-May-28-2024"]
[Site "Chess.com"]
[Date "2024.05.28"]
[Round "2"]
[White "NeverGiveUppp"]
[Black "GMBenjaminFinegold"]
[Result "1-0"]
[WhiteElo "2585"]
[BlackElo "2753"]
[TimeControl "180+1"]
[EndTime "14:19:30 PDT"]
[Termination "NeverGiveUppp won by checkmate"]

1. e4 c5 2. Nf3 Nc6 3. Bb5 e6 4.
Bxc6 bxc6 5. O-O Ne7 6. d3 Ng6 7. Ng5 h6 8. Nh3 e5 9. f4 exf4 10. Nxf4 Nxf4 11. Bxf4 Be7 12. Qh5 O-O 13. Nd2 d5 14. e5 Bg5 15. Bxg5 Qxg5 16. Qxg5 hxg5 17. Nb3 c4 18. Nc5 cxd3 19. cxd3 Rb8 20. b3 a5 21. d4 Rb4 22. Rfd1 f6 23. a3 Rb8 24. e6 Re8 25.
Re1 Re7 26. Re3 g6 27. Kf2 Kg7 28. b4 axb4 29. a4 f5 30. a5 Kf6 31. a6 Ra8 32. a7 b3 33. Rxb3 Rexa7 34. Re1 Re7 35. Rb6 Ra2+ 36. Kg1 Raa7 37. Rxc6 Bb7 38. Nd7+ Kg7 39.
Rc7 g4 40. Rb1 Kh6 41. Rcxb7 Rxb7 42. Rxb7 Rxe6 43. Kf2 Re4 44. Nf8 Kg5 45. Rd7 Kf6 46. Rxd5 Kf7 47. Rd8 f4 48. d5 Rd4 49. Ne6 Rd2+ 50.
Kf1 g3 51. hxg3 fxg3 52. Ng5+ Ke7 53. Rg8 Rxd5 54. Rxg6 Rf5+ 55. Nf3 Kf7 56. Rxg3 Ra5 57. Rg5 Ra1+ 58. Kf2 Kf6 59. Rb5 Ra2+ 60. Kg3 Ra3 61.
Rb6+ Kf5 62. Rb5+ Kf6 63. Kf4 Ke7 64. g4 Ra4+ 65. Kf5 Kf7 66. Ne5+ Ke7 67. Rb7+ Kd6 68. Rd7+ Kc5 69. Rd1 Ra2 70. g5 Rf2+ 71. Ke6 Rg2 72. g6 Kb6 73. Kf7 Rf2+ 74. Kg7 Re2 75. Nf7 Rg2 76. Kh7 Rh2+ 77. Kg8 Rg2 78. g7 Kc5 79. Kf8 Kc6 80. g8=Q Rxg8+ 81. Kxg8 Kc5 82. Kg7 Kc4 83. Kf6 Kc3 84. Rd8 Kc4 85. Ke6 Kc3 86. Ke5 Kc2 87. Ke4 Kc3 88. Ne5 Kc2 89. Ke3 Kb3 90. Kd4 Kb4 91. Rb8+ Ka3 92. Kc4 Ka2 93. Kc3 Ka1 94. Kc2 Ka2 95. Ra8# 1-0

[Event "Late-Titled-Tuesday-Blitz-May-28-2024"]
[Site "Chess.com"]
[Date "2024.05.28"]
[Round "2"]
[White "ExchangeAB"]
[Black "NikitaShnadrygin"]
[Result "1-0"]
[WhiteElo "2493"]
[BlackElo "2739"]
[TimeControl "180+1"]
[EndTime "14:19:31 PDT"]
[Termination "ExchangeAB won on time"]

1. d4 d5 2. Nf3 Nc6 3. c3 Bg4 4. Bf4 e6 5. Nbd2 Bd6 6. e3 Nf6 7. h3 Bh5 8. Bd3 O-O 9. Qc2 Bg6 10. Ne5 Bxd3 11. Qxd3 Bxe5 12. Bxe5 Nxe5 13. dxe5 Nd7 14. f4 f6 15. exf6 Qxf6 16. Nf3 c6 17. O-O e5 18. fxe5 Nxe5 19. Nxe5 Qxe5 20. Qd4 Rxf1+ 21. Rxf1 Qe6 22.
Re1 a6 23. e4 Re8 24. e5 Qe7 25. a4 Rf8 26. Rf1 Rxf1+ 27. Kxf1 Qf7+ 28. Kg1 Qf5 29. b4 h6 30. a5 Kf7 31. Qb6 Qd7 32. Qd4 Ke8 33. c4 dxc4 34. Qxc4 Qd1+ 35. Kh2 Qd5 36.
Qf4 Ke7 37. Qf5 Qe6 38. Qe4 Qd5 39. Qf5 Qe6 40. Qe4 Qf7 41. Qd4 Qd5 42. Qf4 Ke6 43. Qg4+ Kxe5 44. Qxg7+ Ke4 45. Qxh6 Qe5+ 46. Kg1 Qd4+ 47.
Kh2 Qe5+ 48. Kg1 Qd4+ 49. Kf1 Qc4+ 50. Kf2 Qd4+ 51. Kg3 Qe5+ 52. Kh4 Kd3 53. g4 Kc3 54. g5 Qe1+ 55. Kh5 Qe2+ 56. Kg6 Kxb4 57. Kh7 Qe7+ 58.
Qg7 Qe4+ 59. g6 Kxa5 60. Qf7 Qh4+ 61. Kg8 c5 62. g7 Qd8+ 63. Kh7 Qh4+ 64. Kg6 Qg3+ 65. Kf6 Qf4+ 66. Ke7 Qe5+ 67. Kd8 Qd6+ 68. Kc8 b5 69. Qc7+ 1-0

[Event "Late-Titled-Tuesday-Blitz-May-28-2024"]
[Site "Chess.com"]
[Date "2024.05.28"]
[Round "2"]
[White "WildBizon"]
[Black "marianokar"]
[Result "1-0"]
[WhiteElo "2735"]
[BlackElo "2408"]
[TimeControl "180+1"]
[EndTime "14:19:31 PDT"]
[Termination "WildBizon won on time"]

1. b3 d5 2. Bb2 Bf5 3. e3 e6 4. h4 h6 5. g4 Be4 6. f3 Bh7 7. Bg2 c5 8. Ne2 Nc6 9. Nbc3 f6 10. Nf4 Qd7 11. d3 Nge7 12. Qd2 O-O-O 13. Bh3 e5 14. Nh5 Kb8 15. O-O-O d4 16. Ne4 Nd5 17. exd4 cxd4 18. a3 Qf7 19. Kb1 g6 20. Nhg3 f5 21. Nf2 f4 22.
Nge4 Ne3 23. Rc1 Be7 24. g5 h5 25. c4 dxc3 26. Qxc3 Rhe8 27. Nf6 Bxf6 28. gxf6 Qxf6 29.
Ne4 Qe7 30. Nc5 Nd5 31. Qc4 Ne3 32. Qb5 Rd6 33. Ka2 Bg8 34. Rhe1 Bd5 35. Na6+ Ka8 36. Nb4 Red8 37. Nxd5 Rxd5 38. Qa4 Rxd3 39. Bf1 Rd2 40. Bb5 Nd4 41. Qa5 Ndc2 42. Re2 Rxe2 43. Bxe2 Rd2 44. Bb5 Rd5 45. a4 Nb4+ 46. Kb1 Qd8 47.
Qxd8+ Rxd8 48. Bxe5 a6 49. Bxf4 Ned5 50. Bg5 Rf8 51. Be2 Re8 52. Bc4 Re3 53. Kb2 Nd3+ 54. Bxd3 Rxd3 55. f4 Rd2+ 56. Rc2 Rxc2+ 57. Kxc2 b5 58.
axb5 axb5 59. Kd3 Kb7 60. Kd4 Kc6 61. Ke5 Ne3 62. Kf6 Kd5 63. Kxg6 Ke4 64. Kxh5 Nf5 65. Kg6 Nd4 66. h5 Nxb3 67. h6 Nd4 68. h7 Ne6 69.
h8=Q 1-0

[Event "Late-Titled-Tuesday-Blitz-May-28-2024"]
[Site "Chess.com"]
[Date "2024.05.28"]
[Round "2"]
[White "GMthekingindian"]
[Black "Sinquefield"]
[Result "0-1"]
[WhiteElo "2336"]
[BlackElo "2540"]
[TimeControl "180+1"]
[EndTime "14:19:32 PDT"]
[Termination "Sinquefield won by checkmate"]

1. d4 Nf6 2. Nf3 d6 3. g3 Nbd7 4. Bg2 e5 5. dxe5 dxe5 6. O-O Be7 7. Nc3 O-O 8. a4 c6 9. a5 Qc7 10. Nd2 Nc5 11. Nc4 Bf5 12. Be3 Rfd8 13. Qc1 Nd5 14. Bd2 Nb4 15. e4 Be6 16. Ne3 Rd7 17. f4 f6 18. f5 Bf7 19. Nb5 cxb5 20. Bxb4 Nb3 21. cxb3 Qxc1 22. Raxc1 Bxb4 23. a6 bxa6 24. Rc6 Ba5 25. Kh1 Bxb3 26. Rxa6 Bb6 27. Nd5 Bd4 28. h4 Bc4 29. Rd1 h6 30. Bf3 Rad8 31. b4 Kh8 32. g4 Bxd5 33. exd5 Bb6 34. Rc1 Kh7 35. Ra2 Rd6 36. Kg2 R8d7 37. Rc8 g6 38. fxg6+ Kxg6 39. Be4+ Kg7 40. Rac2 Rd8 41. R8c3 R8d7 42.
Kf3 Rd8 43. Rc1 Rb8 44. R1c2 a5 45. bxa5 Bxa5 46. Rc6 Rxc6 47. dxc6 Bc7 48. Rb2 Kf8 49. Bd5 Ke7 50. Ke4 Kd6 51. Rf2 b4 52. Rxf6+ Kc5 53.
Rxh6 b3 54. Bxb3 Rxb3 55. Rh7 Kxc6 56. g5 Rb4+ 57. Kf5 Rf4+ 58. Kg6 e4 59. Re7 Kd6 60. Re8 Kd7 61. Ra8 e3 62. Ra3 Re4 63. Rd3+ Ke7 64. Rd1 e2 65. Re1 Bg3 66. Rxe2 Rxe2 67. h5 Bf4 68. h6 Bxg5 69. h7 Bf6 70. Kh6 Rh2+ 71. Kg6 Rg2+ 72. Kh6 Kf7 73. h8=Q Rh2# 0-1

[Event "Late-Titled-Tuesday-Blitz-May-28-2024"]
[Site "Chess.com"]
[Date "2024.05.28"]
[Round "2"]
[White "ozates"]
[Black "hansen"]
[Result "0-1"]
[WhiteElo "2621"]
[BlackElo "3058"]
[TimeControl "180+1"]
[EndTime "14:19:33 PDT"]
[Termination "hansen won by resignation"]

1. e4 c5 2. Nf3 e6 3. d4 cxd4 4. Nxd4 a6 5. c4 Nf6 6. Nc3 Qc7 7. a3 b6 8. Be2 Bb7 9. f3 d6 10. Be3 Nbd7 11. Qd2 Be7 12. O-O O-O 13. a4 Rab8 14. Nb3 Rfc8 15. a5 bxa5 16. Nxa5 Ba8 17. b4 Ne5 18. b5 axb5 19. Nxb5 Qd7 20. Rfd1 Rd8 21. Nb3 Bc6 22. Ra7 Rb7 23. Rxb7 Bxb7 24. Qa5 Nc6 25.
Qb6 Qc8 26. h3 h6 27. Na7 Nxa7 28. Qxa7 Bf8 29. Na5 Ba8 30. Qd4 d5 31. cxd5 exd5 32. e5 Nd7 33. Nb3 Qb8 34. e6 fxe6 35. Qd3 Ne5 36. Qb1 Nc4 37. Bd4 e5 38. Bf2 Rc8 39. Qa2 Kh8 40. Nd2 Nxd2 41. Qxd2 d4 42. Bd3 Qb3 43. Qe2 Rc3 44. Rb1 Qa3 45. Be4 Rc1+ 46.
Rxc1 Qxc1+ 47. Kh2 Bxe4 48. Qxe4 Qc7 49. Bg3 Bd6 50. Qf5 Qe7 51. Qe4 Qf6 52. Bh4 Qe6 53. Bg3 Qe7 54. Qf5 Kg8 55. Qc8+ Kf7 56. Qf5+ Qf6 57. Qd7+ Be7 58. Qd5+ Qe6 59. Qxe5 Qxe5 60. Bxe5 d3 61. Bc3 Bg5 62. g3 d2 63. Bxd2 Bxd2 64.
Kg2 Ke6 65. f4 Kd5 66. Kf3 Kd4 67. g4 Bc1 68. h4 Bd2 69. h5 Bc1 70. Kg3 Ke4 71.
f5 Bg5 72. Kh3 Kf3 0-1

[Event "Late-Titled-Tuesday-Blitz-May-28-2024"]
[Site "Chess.com"]
[Date "2024.05.28"]
[Round "2"]
[White "Bilan_Danila"]
[Black "alexrustemov"]
[Result "0-1"]
[WhiteElo "2549"]
[BlackElo "2849"]
[TimeControl "180+1"]
[EndTime "14:19:33 PDT"]
[Termination "alexrustemov won by resignation"]

1. d4 d5 2. Nf3 Nf6 3. c4 dxc4 4. e3 e6 5. Bxc4 c5 6. dxc5 Bxc5 7. Qxd8+ Kxd8 8.
a3 Ke7 9. b4 Bd6 10. Bb2 Bd7 11. Nbd2 Rc8 12. Ne5 Be8 13. O-O Nc6 14. Nd3 Rc7 15.
Rac1 Rac8 16. Bb3 b5 17. Nc5 a5 18. Nde4 axb4 19. Nxd6 Kxd6 20. Na6 Ra7 21. Nxb4 Ke7 22.
f3 Raa8 23. e4 Na5 24. Ba2 Nc4 25. Bxc4 bxc4 26. Kf2 Ba4 27. Rc3 Bb3 28. Rfc1 Nd7 29. Re3 f6 30. Bd4 Rxa3 31. f4 Ra4 32. Bc3 Nc5 33.
Rce1 Rd8 34. Kf3 Kf7 35. g4 h6 36. h4 Nd3 37. Nxd3 cxd3 38. Bd2 Ra2 39. Bc3 Bc4 40. Rb1 d2 41. Bxd2 Rdxd2 42. Rb7+ Kg8 43. Rc3 Rd3+ 44. Rxd3 Bxd3 45. Ke3 Ra3 46. Kd4 Be2 47. g5 hxg5 48.
hxg5 fxg5 49. fxg5 Bh5 50. Ke5 Ra6 51. Re7 Bg6 52. Rc7 Kh7 53. Kf4 Ra4 54. Re7 Rxe4+ 55. Kg3 e5 56. Re6 Bf5 57. Re8 Kg6 58. Kf3 Rf4+ 59.
Ke3 Re4+ 60. Kf3 Kxg5 61. Rg8 g6 62. Ra8 Re1 63. Ra1 e4+ 64. Kf2 Rxa1 0-1

[Event "Late-Titled-Tuesday-Blitz-May-28-2024"]
[Site "Chess.com"]
[Date "2024.05.28"]
[Round "2"]
[White "Magicmaster17"]
[Black "biostatistician"]
[Result "0-1"]
[WhiteElo "2873"]
[BlackElo "2578"]
[TimeControl "180+1"]
[EndTime "14:19:35 PDT"]
[Termination "biostatistician won by checkmate"]

1. d4 Nf6 2. Nf3 g6 3. Nbd2 d5 4. e3 Bg7 5. c4 O-O 6. b4 c6 7. a4 Bf5 8. Ba3 Ne4 9. Be2 Nc3 10. Qb3 Nxe2 11. Kxe2 Re8 12. Rhd1 e5 13. dxe5 Nd7 14.
Bb2 Nxe5 15. cxd5 cxd5 16. Bxe5 Bxe5 17. Rac1 Bf6 18. Kf1 Rc8 19. h3 Qd7 20. b5 Be6 21.
Qb4 Rxc1 22. Rxc1 Rc8 23. Rxc8+ Qxc8 24. Nd4 Qc1+ 25. Ke2 Qc7 26. N2f3 Bd7 27. Qb3 Qc5 28. Qc2 Qxc2+ 29. Nxc2 a6 30. Nfd4 axb5 31. axb5 Kf8 32. Kd3 Ke7 33. Na1 Kd6 34. Nab3 Be5 35. Na5 Kc7 36. Nab3 Kb6 37. f4 Bf6 38. g4 Bxb5+ 39. Kd2 Bc4 40. g5 Bg7 41. h4 Kc7 42. Nc1 Kd6 43. Nf3 b5 44. Nd3 Bxd3 45. Kxd3 b4 46. Nd2 Kc5 47. Nb3+ Kb5 48. Kc2 Kc4 49. Nd2+ Kc5 50. Nb3+ Kc4 51. Nd2+ Kb5 52. Nb3 Bc3 53. Kd3 Ka4 54. Kc2 Ka3 55. Nc5 Ka2 56. Nd3 Bg7 57. Nc1+ Ka3 58. Nd3 b3+ 59. Kb1 b2 60. Nf2 Kb3 61.
Nd1 Bc3 62. Nf2 d4 63. Nd3 dxe3 64. Nc5+ Kc4 65. Ne4 e2 66. Kc2 e1=Q 67. Nd6+ Kb4 68. Kd3 b1=Q# 0-1

[Event "Late-Titled-Tuesday-Blitz-May-28-2024"]
[Site "Chess.com"]
[Date "2024.05.28"]
[Round "2"]
[White "Grebnev_A"]
[Black "vi_pranav"]
[Result "1/2-1/2"]
[WhiteElo "2624"]
[BlackElo "3045"]
[TimeControl "180+1"]
[EndTime "14:19:38 PDT"]
[Termination "Game drawn by repetition"]

1. Nf3 Nf6 2. c4 e6 3. Nc3 Bb4 4. Qc2 O-O 5. a3 Bxc3 6. Qxc3 b6 7. e3 Bb7 8. Be2 d6 9. O-O a5 10. b3 Nbd7 11. Bb2 e5 12. d3 Re8 13. b4 Qe7 14.
Rfd1 Nf8 15. Nd2 Ng6 16. Bf3 Bxf3 17. Nxf3 Qe6 18. h3 c5 19. Qb3 h6 20. Bc3 axb4 21.
axb4 Rxa1 22. Rxa1 e4 23. dxe4 Nxe4 24. Be1 b5 25. Rc1 Rc8 26. bxc5 Rxc5 27. Nd4 Qf6 28.
f3 Ng5 29. f4 Nxf4 30. Bg3 Nh5 31. Be1 bxc4 32. Rxc4 Rxc4 33. Qxc4 Qg6 34. Qc8+ Kh7 35. Qf5 Ne4 36. Qxg6+ Kxg6 37. g4 Nhf6 38. Kg2 Nd5 39. Nc2 Kf6 40. h4 g6 41. Kf3 Ke5 42. Nd4 f5 43.
gxf5 gxf5 44. Nc6+ Kf6 45. Nd4 Ne7 46. Ke2 Ng6 47. Nf3 Ne5 48. Nd4 Nc5 49. Bg3 Ne6 50. Nb5 Ke7 51. Nc3 Nc4 52. Nd5+ Kf7 53. Kf3 Ne5+ 54.
Ke2 Nc5 55. Bf4 h5 56. Bg3 Ne4 57. Be1 Ng6 58. Kf3 Ke6 59. Nc7+ Kd7 60. Nd5 Kc6 61.
Nf4 Ne5+ 62. Ke2 Nf6 63. Bc3 Kd7 64. Be1 Ke7 65. Bc3 Kf7 66. Bb4 Ke7 67. Bc3 Ne4 68. Be1 Nf6 69. Bc3 1/2-1/2

[Event "Late-Titled-Tuesday-Blitz-May-28-2024"]
[Site "Chess.com"]
[Date "2024.05.28"]
[Round "2"]
[White "Zq1"]
[Black "RAU4ever"]
[Result "1/2-1/2"]
[WhiteElo "2530"]
[BlackElo "2339"]
[TimeControl "180+1"]
[EndTime "14:19:40 PDT"]
[Termination "Game drawn by repetition"]

1. d4 Nf6 2. c4 e6 3. g3 Bb4+ 4.
Nd2 Nc6 5. Nf3 b6 6. Bg2 Bb7 7.
O-O O-O 8. Qc2 Bxd2 9. Bxd2 d6 10. Bc3 Qe7 11. Rad1 e5 12. dxe5 Nxe5 13. Nxe5 Bxg2 14. Kxg2 dxe5 15. Qf5 Rfe8 16. Rd2 a5 17. Rfd1 Qc5 18. b3 a4 19. g4 Qc6+ 20. Kg1 Qe4 21. h3 Qxf5 22.
gxf5 Ne4 23. Rc2 axb3 24. axb3 Nxc3 25. Rxc3 Ra2 26. Rd7 Rc8 27. e3 h5 28. c5 bxc5 29. Rxc5 Rb2 30. Rxe5 Rxb3 31. Ree7 Rf8 32. Rxc7 Rb4 33.
Kg2 Rb6 34. e4 g6 35. fxg6 Rxg6+ 36. Kf3 Kg7 37. e5 Rg1 38. e6 Kg6 39. Rxf7 Rxf7+ 40. exf7 Kg7 41. Rc5 Kxf7 42. Rxh5 Kg6 43. Rh4 Ra1 44. Rb4 Ra6 45. Kg4 Kf6 46. f4 Kg6 47. h4 Kf6 48. Rb7 Kg6 49. Re7 Kf6 50. Re5 Kg6 51. h5+ Kf6 52. Rg5 Ra1 53. Rb5 Rg1+ 54. Kf3 Rh1 55. Kg2 Rh4 56. Kg3 Rh1 57. Re5 Rg1+ 58. Kf2 Rh1 59. Rg5 Rh2+ 60. Kg3 Rh1 61. Rg6+ Kf5 62. Rg5+ Kf6 63. Kg2 Rh4 64. Kf3 Rh1 65.
Ra5 Rh2 66. h6 Rxh6 67. Ke4 Kg7 68. Ra7+ Kf8 69. Ke5 Rb6 70. Rd7 Rc6 71. Kf5 Ra6 72. Kg5 Rb6 73. Rh7 Ra6 74. Kg4 Rb6 75. Rd7 Ra6 76. Rd5 Rb6 77. Kg5 Ra6 78. f5 Rb6 79. Re5 Ra6 80. Rd5 Rb6 81. Rd7 Ra6 82. Rd5 1/2-1/2

[Event "Late-Titled-Tuesday-Blitz-May-28-2024"]
[Site "Chess.com"]
[Date "2024.05.28"]
[Round "2"]
[White "PhileKhoob"]
[Black "Orest_Vovk"]
[Result "1-0"]
[WhiteElo "2318"]
[BlackElo "2516"]
[TimeControl "180+1"]
[EndTime "14:19:41 PDT"]
[Termination "PhileKhoob won by resignation"]

1. Nf3 h6 2. g3 g5 3. h3 Bg7 4.
Bg2 Nf6 5. d3 Nc6 6. e4 d5 7. e5 Nd7 8. d4 Nb6 9. O-O g4 10. hxg4 Bxg4 11. Qd3 Qd7 12. a4 a5 13.
b3 h5 14. Nh4 Nb4 15. Qd2 Bh6 16. Qc3 Qc6 17. Qxc6+ bxc6 18. c3 Nd3 19. Bxh6 Rxh6 20. f3 Be6 21. Rd1 Nxe5 22. dxe5 O-O-O 23. f4 Bg4 24. Re1 c5 25. Na3 Rg8 26. Kf2 Rh7 27. Rg1 Rhg7 28. Bf3 e6 29. Bxg4 Rxg4 30. Nf3 Nd7 31. Nc2 f6 32. Ne3 R4g7 33. exf6 Nxf6 34.
Nd2 d4 35. cxd4 cxd4 36. Nec4 Ng4+ 37. Kf3 Nh2+ 38. Ke4 h4 39. Kxd4 hxg3 40. Rg2 Rg4 41. Ke3 Rf8 42. Ne4 Rgxf4 43. Ncd2 Ng4+ 44. Ke2 Ne5 45.
Rxg3 Nc6 46. Ke3 Ne7 47. Rc1 Nd5+ 48. Kd4 Rh4 49. Ke5 Rh5+ 50. Kxe6 Re8+ 51. Kf7 Re7+ 52. Kf8 Rh8+ 53. Rg8 Rhh7 54. Nd6+ Kd7 55. N2c4 cxd6 56. Nb6+ Ke6 57. Re1+ Kf6 58. Rxe7 Rxe7 59. Nxd5+ Ke6 60.
Nxe7 d5 61. Ke8 d4 62. Rg4 d3 63. Rd4 d2 64. Rd3 d1=Q 65. Rxd1 1-0

[Event "Late-Titled-Tuesday-Blitz-May-28-2024"]
[Site "Chess.com"]
[Date "2024.05.28"]
[Round "2"]
[White "karinachess1"]
[Black "amintabatabaei"]
[Result "0-1"]
[WhiteElo "2612"]
[BlackElo "3043"]
[TimeControl "180+1"]
[EndTime "14:19:42 PDT"]
[Termination "amintabatabaei won by resignation"]

1. d4 e6 2. c4 b6 3. f3 f5 4. Nc3 Bb4 5. Qc2 Qh4+ 6. g3 Qxd4 7. e3 Qf6 8. Bd2 Bb7 9. O-O-O Ne7 10. Nb5 Bxd2+ 11. Qxd2 Qe5 12. Bg2 Qc5 13. Qd4 Qxd4 14. exd4 Na6 15. Ne2 O-O 16. Nf4 Ng6 17. Nxg6 hxg6 18.
Rd2 g5 19. f4 Bxg2 20. Rxg2 g4 21. h3 gxh3 22. Rxh3 Kf7 23. Rgh2 Rfc8 24. a3 Nb8 25.
Kd2 a6 26. Nc3 Nc6 27. Kd3 Ne7 28. Ne2 d5 29. Ng1 c5 30. cxd5 Nxd5 31. Nf3 c4+ 32. Kd2 c3+ 33. bxc3 Rxc3 34. Ng5+ Kf6 35. Re2 Rc6 36.
Rh1 Rac8 37. Rhe1 Rc2+ 38. Kd1 Rc1+ 39. Kd2 R8c2+ 40. Kd3 Rc3+ 41. Kd2 R1c2+ 42. Kd1 Rxe2 43. Rxe2 Re3 44. Rg2 Rxa3 45. Kc1 b5 46. Kb2 b4 47. Re2 Re3 48. Rc2 Rxg3 49. Rc6 Nxf4 50. Nh7+ Kg6 51. Nf8+ Kf7 52. Nd7 a5 53. Ne5+ Kf6 54. Rc7 g6 55. Rf7+ Kg5 56. Kc2 a4 57. Rf8 a3 58.
Nf7+ Kg4 59. Ne5+ Kg5 60. Nf7+ Kf6 61. Ne5+ Kg7 62. Rf7+ Kg8 63. Rb7 b3+ 64. Rxb3 Rxb3 65.
Kxb3 Kg7 66. Kxa3 g5 67. Kb4 g4 68. Kc3 g3 69. Nf3 Kg6 70. Ng1 Kh5 71. Kd2 Kg4 72.
Ke3 Nd5+ 73. Kd3 Nf6 74. Ke3 f4+ 75. Ke2 Nd5 76. Nf3 Nc3+ 0-1

[Event "Late-Titled-Tuesday-Blitz-May-28-2024"]
[Site "Chess.com"]
[Date "2024.05.28"]
[Round "2"]
[White "Problematique_99"]
[Black "DeTimmerman"]
[Result "1/2-1/2"]
[WhiteElo "2498"]
[BlackElo "2744"]
[TimeControl "180+1"]
[EndTime "14:19:46 PDT"]
[Termination "Game drawn by repetition"]

1. a3 Nf6 2. b4 a5 3. Bb2 axb4 4. axb4 Rxa1 5. Bxa1 c6 6. e3 Qb6 7. c3 d5 8. Nf3 Bf5 9. Be2 Qa7 10. Nd4 Bg6 11. Nb3 Nbd7 12. O-O e6 13. d3 Bd6 14.
N1d2 O-O 15. Bb2 Ra8 16. Qc2 Qb8 17. g3 b6 18. e4 c5 19. bxc5 bxc5 20. c4 dxe4 21.
dxe4 Be5 22. Bxe5 Qxe5 23. f4 Qc7 24. Bd3 h6 25. e5 Bxd3 26. Qxd3 Nh7 27. Ne4 Nhf8 28.
Qd6 Qb7 29. Nbxc5 Nxc5 30. Nxc5 Qb4 31. Nd7 Qxc4 32. Nb6 Qa6 33. Nxa8 Qxa8 34. Rb1 Qe4 35. Rd1 Ng6 36. Qd8+ Kh7 37. Qd3 Qa4 38. h4 h5 39. Qf3 Kh6 40. Rf1 Ne7 41. g4 hxg4 42. Qxg4 Nf5 43. Rf2 Qa1+ 44. Kh2 Qe1 45. Rg2 Qxh4+ 46.
Qxh4+ Nxh4 47. Rf2 Kh5 48. Kh3 Nf5 49. Rg2 g6 50. Rg5+ Kh6 51. Kg4 Ne3+ 52. Kf3 Nd5 53. Rg1 Ne7 54. Rh1+ Kg7 55. Rd1 Nd5 56. Rd3 Ne7 57. Ke4 Nf5 58. Rd7 Ng3+ 59. Kf3 Nh5 60. Ra7 Kf8 61. Ke4 Ng7 62. Kf3 Nf5 63. Ke4 Kg7 64.
Kf3 Nh6 65. Ke4 Nf5 66. Kf3 Kg8 67. Ke4 Nh4 68. Ra8+ Kg7 69. Ra7 Ng2 70. Rb7 Nh4 71. Rb2 Kh6 72. Rb7 Kg7 73. Rb2 Nf5 74. Rb7 Nh6 75.
Ra7 Ng8 76. Rb7 Kf8 77. Rb8+ Kg7 78. Rb7 Nh6 79. Ra7 1/2-1/2

[Event "Late-Titled-Tuesday-Blitz-May-28-2024"]
[Site "Chess.com"]
[Date "2024.05.28"]
[Round "2"]
[White "MyDream003"]
[Black "Hakiki_satranc"]
[Result "1-0"]
[WhiteElo "2817"]
[BlackElo "2421"]
[TimeControl "180+1"]
[EndTime "14:19:48 PDT"]
[Termination "MyDream003 won by checkmate"]

1. e4 c5 2. Nf3 Nc6 3. d4 cxd4 4. Nxd4 Nf6 5. Nc3 e5 6. Ndb5 d6 7. Bg5 a6 8. Na3 b5 9. Nd5 Qa5+ 10. Bd2 Qd8 11. Nxf6+ Qxf6 12. c4 Qg6 13. f3 Be7 14.
cxb5 Bh4+ 15. g3 Bxg3+ 16. hxg3 Qxg3+ 17. Ke2 Nd4+ 18. Kd3 Nxf3 19. Be3 d5 20. Rc1 Nd4 21. Qe1 dxe4+ 22. Kc3 Qf3 23. Rh2 Be6 24. b3 axb5 25. Kb2 O-O 26. Nxb5 Rxa2+ 27. Kxa2 Nxb3 28. Kb2 Nxc1 29. Qxc1 Rb8 30. Rd2 h5 31. Rf2 Qg3 32. Qc5 Bd7 33.
Qc7 Rxb5+ 34. Bxb5 Bxb5 35. Qxf7+ Kh7 36. Qxh5+ Kg8 37.
Qg5 Qxg5 38. Bxg5 Bd3 39. Kc3 Kh7 40. Be3 Kg6 41. Kb4 Kh5 42. Kc5 g5 43. Kd6 g4 44.
Rh2+ Kg6 45. Kxe5 Bc2 46. Kf4 Bd3 47. Kxg4 Kf6 48. Rh6+ Ke5 49. Rh5+ Kd6 50. Kf4 Ke6 51. Ra5 Kd6 52. Bd4 Ke6 53. Be5 Kd7 54. Rc5 Ke6 55. Rc6+ Kd5 56. Rc3 Bb1 57. Bg7 Bd3 58. Ke3 Bb1 59.
Bf8 Bd3 60. Rc5+ Ke6 61. Kd4 Kf6 62. Bh6 Kg6 63. Bf4 Kf6 64. Re5 Bc2 65. Kd5 Bd3 66. Kd6 Bc2 67. Bg5+ Kg6 68. Bh4 Bd3 69. Ke6 Bc4+ 70.
Ke7 Bd3 71. Rg5+ Kh6 72. Rg3 Kh5 73. Bf6 Bc2 74. Ke6 Bd3 75. Kf5 e3+ 76. Kf4 e2 77.
Bc3 Bc4 78. Kf5 Kh6 79. Rh3# 1-0

[Event "Late-Titled-Tuesday-Blitz-May-28-2024"]
[Site "Chess.com"]
[Date "2024.05.28"]
[Round "2"]
[White "ahmedkandiliii"]
[Black "IngOscarArdila"]
[Result "0-1"]
[WhiteElo "2503"]
[BlackElo "2285"]
[TimeControl "180+1"]
[EndTime "14:19:49 PDT"]
[Termination "IngOscarArdila won by resignation"]

1. Nf3 Nf6 2. e3 g6 3. b3 Bg7 4. Bb2 O-O 5. Be2 d6 6. O-O Nbd7 7. c4 e5 8. d3 c6 9. Nbd2 Qc7 10. Ne1 Re8 11. Nc2 Nf8 12. b4 a5 13. a3 Be6 14. f4 Rad8 15. Nf3 exf4 16. exf4 Bf5 17. Nh4 Bc8 18. f5 g5 19. Nf3 h6 20. Qd2 N8h7 21.
bxa5 Qe7 22. Rae1 Qc7 23. h4 g4 24. Nfd4 h5 25. Bc3 Bd7 26. Qf4 Qb8 27. Kh1 Re7 28.
Bd1 Rde8 29. Rxe7 Rxe7 30. Bb4 c5 31. Bxc5 Ne8 32. Bb4 Be5 33. Qh6 Bg7 34. Qxh5 Nef6 35. Qg5 Nxg5 36. hxg5 Bc6 37. gxf6 Bxf6 38. Bxg4 Kg7 39.
Bh3 Qh8 40. Nxc6 bxc6 41. Bxd6 Re2 42. Nb4 Re3 43. Bh2 Bd4 44. Nxc6 Rxh3 45. gxh3 Qxh3 46. Rf4 Bf6 47. a6 Qxd3 48. a7 Qb1+ 49. Bg1 Qb7 50. Rg4+ Kh7 51. Kh2 Qxc6 52. Bf2 Qf3 53. Rg2 Be5+ 54.
Bg3 Bxg3+ 55. Rxg3 Qf2+ 56. Rg2 Qxa7 57. f6 Qxa3 58. Rg7+ Kh6 59. Rxf7 Qd6+ 60. Kh1 Qc6+ 61. Kh2 Qxc4 62. Rg7 Qh4+ 63. Kg1 Qxf6 64. Rg2 Qd4+ 65. Kh1 Kh5 66. Rh2+ Kg4 67. Rh7 Qe4+ 68. Kg1 Qxh7 69.
Kf2 Qf5+ 70. Ke3 Qf3+ 71. Kd4 Kf4 72. Kc5 Qe3+ 73. Kd6 Ke4 74. Kc7 Qd4 75. Kc8 Qg7 76.
Kb8 Kd3 77. Kc8 Kc2 78. Kd8 Kb3 79. Ke8 Ka4 80. Kd8 Ka5 81. Ke8 Kb6 0-1